 Dungeon Crawl Stone Soup version 0.29.0-15-g675c0067aa (webtiles) character file.

Game seed: 4439213935757555536

1575 unlimited1921 the Magician (level 9, -20/55 HPs)
             Began as a Djinni Fire Elementalist on Sept 11, 2022.
             Killed from afar by a gargoyle (27 damage)
             ... with a stone arrow
             ... on level 5 of the Dungeon.
             The game lasted 00:16:44 (8538 turns).

unlimited1921 the Magician (DjFE)                   Turns: 8538, Time: 00:16:45

Health: -20/55     AC:  4    Str:  7    XL:     9   Next: 14%
Gold:   184        EV: 12    Int: 23    God:
                   SH:  0    Dex: 20

rFire   + + .      SeeInvis .   x - +1 mace (protect)
rCold   x . .      Faith    .   (no shield)
rNeg    . . .      Spirit   .   C - +1 leather armour of Disaster {Int+2}
rPois   ∞          Reflect  .   v - +0 hat
rElec   .          Harm     .   (no cloak)
rCorr   .          Rampage  .   (no gloves)
Will    .....                   (boots unavailable)
Stlth   +++.......              (no amulet)
HPRegen 0.18/turn               l - +6 ring of dexterity
MPRegen 0.00/turn               j - ring of wizardry

@: flying
A: sickness immunity, fire resistance 2, cold vulnerability 1, float, innate
caster, HP casting, extra vitality 1
a: no special abilities


You were on level 5 of the Dungeon.
You visited 1 branch of the dungeon, and saw 5 of its levels.

You collected 184 gold pieces.

Inventory:

Hand Weapons
 p - a +2 short sword of speed
 x - a +1 mace of protection (weapon)
Missiles
 c - 75 stones
Armour
 v - a +0 hat (worn)
 C - the +1 leather armour of Disaster (worn) {Int+2}
   (You found it on level 5 of the Dungeon)

   Int:       It affects your intelligence (+2).
Jewellery
 j - a ring of wizardry (right hand)
 l - a +6 ring of dexterity (left hand)
 m - a ring of protection from fire
 n - a ring of protection from cold
Wands
 e - a wand of charming (8) (quivered)
 A - a wand of roots (4)
Scrolls
 d - 2 scrolls of immolation
 g - 2 scrolls of teleportation
 k - a scroll of acquirement {unknown}
 o - a scroll of torment
 r - 2 scrolls of identify
 t - a scroll of fog {unknown}
 w - a scroll of enchant armour {unknown}
 y - a scroll of blinking
Potions
 a - a potion of curing
 f - a potion of haste {unknown}
 h - 2 potions of might
 i - 2 potions of brilliance
 q - a potion of magic {unknown}
 s - a potion of lignification {unknown}
 u - a potion of degeneration {unknown}
 z - a potion of attraction {unknown}


   Skills:
 + Level 0.2 Fighting
 + Level 3.2 Armour
 + Level 2.5 Dodging
 + Level 3.5 Stealth
 + Level 7.7 Spellcasting


You had one spell level left.
You knew the following spells:

 Your Spells              Type           Power      Damage    Failure   Level
a - Foxfire               Conj/Fire      100%       2x1d9     1%          1
b - Scorch                Fire           88%        2d9       1%          2
c - Conjure Flame         Conj/Fire      44%        6-21      1%          3
d - Inner Flame           Hex/Fire       44%        N/A       1%          3
e - Flame Wave            Conj/Fire      44%        2d11      1%          4
f - Magic Dart            Conj           100%       1d8       1%          1
g - Blink                 Tloc           88%        N/A       1%          2
h - Call Imp              Summ           44%        N/A       1%          2
i - Passage of Golubria   Tloc           44%        N/A       1%          4
Your spell library was empty.

Dungeon Overview and Level Annotations

Branches:
Dungeon (5/15)
 Temple: D:4-7

Altars:
Hepliaklqana
Xom

Shops:
D:4 [


Innate Abilities, Weirdness & Mutations

You are immune to sickness and miasma.
You are immune to poison.
Your flesh is very heat resistant. (rF++)
You are vulnerable to cold. (rC-)
You float through the air rather than walking.
You learn spells naturally, not from books.
Your magical power is your life essence.
You have superior vitality. (+4 MHP)


Message History

There is an open door here.
You see here a +0 pair of boots.
As you open the door, it creaks loudly!
There is an open door here.
You reach down and open the door.
There is an open door here.
You reach down and open the door.
Found a large rock.
There is an open door here.
c - 73 stones (gained 1)
c - 74 stones (gained 1)
c - 75 stones (gained 1)
There is an open door here.
There is an open door here.
There is an open door here.
There is an open door here.
A gargoyle comes into view. It is wielding a +0 flail.
Casting: Scorch (safe; 1% risk of failure)
Confirm with . or Enter, or press ? or * to list all spells.
Aiming: Inner Flame (safe; 1% risk of failure)
Press: ? - help, Dir - move target, f - gargoyle
Aim: a gargoyle, wielding a +0 flail (chance to affect: 81%)
The gargoyle barely resists.
Casting: Inner Flame (safe; 1% risk of failure)
Confirm with . or Enter, or press ? or * to list all spells.
You conjure some foxfire!
Your foxfire dissipates!
Casting: Foxfire (safe; 1% risk of failure)
Confirm with . or Enter, or press ? or * to list all spells.
You conjure some foxfire!
Your foxfire dissipates!
The foxfire hits the gargoyle but does no damage.
The gargoyle hurls a stone arrow at you.
The stone arrow hits you!!
The gargoyle hurls a stone arrow at you.
The stone arrow hits you!!
* * * LOW HITPOINT WARNING * * *
The gargoyle hurls a stone arrow at you.
The stone arrow hits you!!
You die...

..♣♣ ##
..P♣♣ ..
....♣
#####.####
P..♣♣#
.....=...#
♣....#
.####.##9#
♣....# ..
#.# ♣.P..#
#.. #.#
###'## #.
#.# ##...#
# #@#
.#...# #.#
.'...# #.#
.#...# #.#
##...# #.#
######
#.#.# #.#
.# #.#.#
#.# ##
#.#.# #.#
# #.#.#
#.#


You could see a gargoyle.

Vanquished Creatures
  Pikel (D:5)
  Grinder (D:3)
  Menkaure (D:5)
  A water moccasin (D:5)
  2 ogres
  A lemure (D:5)
  Blork the orc (D:4)
  A jelly (D:5)
  3 orc priests
  4 iguanas
  2 orc wizards
  9 adders
  An ufetubus (D:5)
  3 worms
  3 dart slugs
  9 orcs
  4 endoplasms
  9 goblins
  6 hobgoblins
  6 jackals
  6 kobolds
  A quokka (D:4)
  A ball python (D:4)
  3 bats (D:1)
  3 frilled lizards
  8 rats
90 creatures vanquished.

Vanquished Creatures (others)
  356 foxfires
356 creatures vanquished.

Grand Total: 446 creatures vanquished

Notes
Turn   | Place    | Note
-------+----------+-------------------------------------------
     0 | D:1      | unlimited1921 the Djinni Fire Elementalist began the quest
                  | for the Orb.
     0 | D:1      | unlimited1921 set off with the following spells memorised:
                  | Foxfire, Scorch, Conjure Flame, Inner Flame, Flame Wave.
     0 | D:1      | Reached XP level 1. HP: 15/15 MP: 0/0
   229 | D:1      | Reached XP level 2. HP: 13/21 MP: 0/0
   686 | D:1      | Found a faded altar of an unknown god.
  1879 | D:2      | Reached skill level 3 in Spellcasting
  1879 | D:2      | Reached XP level 3. HP: 18/25 MP: 0/0
  1879 | D:2      | Learned a level 1 spell: Magic Dart
  2386 | D:2      | Reached XP level 4. HP: 26/31 MP: 0/0
  2559 | D:2      | Reached skill level 1 in Armour
  3326 | D:2      | Reached XP level 5. HP: 34/35 MP: 0/0
  3326 | D:2      | Learned a level 2 spell: Blink
  5234 | D:3      | Reached skill level 4 in Spellcasting
  5510 | D:3      | Reached XP level 6. HP: 37/40 MP: 0/0
  5697 | D:3      | Noticed Grinder
  5708 | D:3      | Killed Grinder
  5709 | D:3      | Reached XP level 7. HP: 27/45 MP: 0/0
  5709 | D:3      | Learned a level 2 spell: Call Imp
  6202 | D:4      | Reached skill level 5 in Spellcasting
  6594 | D:4      | Found Deigoczu's Antique Armour Shoppe.
  6613 | D:4      | Noticed Blork the orc
  6620 | D:4      | Killed Blork the orc
  7429 | D:4      | Found a shimmering altar of Xom.
  7430 | D:4      | Found a hazy altar of Hepliaklqana.
  7431 | D:4      | Noticed a spectral ugly thing
  7481 | D:5      | Entered Level 5 of the Dungeon
  7481 | D:5      | Noticed Menkaure
  7486 | D:5      | Killed Menkaure
  7487 | D:5      | Reached skill level 6 in Spellcasting
  7487 | D:5      | Reached XP level 8. HP: 44/50 MP: 0/0
  7617 | D:5      | Identified the +1 leather armour of Disaster {Int+2}
  8108 | D:5      | Noticed Pikel
  8117 | D:5      | Killed Pikel
  8118 | D:5      | Reached skill level 7 in Spellcasting
  8118 | D:5      | Reached XP level 9. HP: 35/55 MP: 0/0
  8118 | D:5      | Learned a level 4 spell: Passage of Golubria
  8529 | D:5      | Noticed a gargoyle
  8538 | D:5      | Killed from afar by a gargoyle

Illustrated notes

Levels and vault maps discovered:
D:1:      matt_arrival_diagonals, layout_basic,
          hellmonk_ecumenical_altar_crossroads
D:2:      layout_rooms, grunt_ministairs_4, guppyfry_early_orc_mine
D:3:      layout_basic, uniq_grinder
D:4:      layout_rooms, regret_index_temple_of_mockery, serial_shops,
          nicolae_shop_behind_doors, uniq_blork_the_orc
D:5:      layout_basic, nicolae_zen_rock_garden, minmay_fractal_squares_5,
          uniq_menkaure, uniq_pikel

Skill      XL: |  1  2  3  4  5  6  7  8 |
---------------+-------------------------+-----
Spellcasting   | 3 4 6 7 |  7.7
Stealth        | 2 3 |  3.5
Armour         | 1 2 3 |  3.2
Fighting       | |  0.2
Dodging        | |  2.5

Action                   |  1- 3 |  4- 6 |  7- 9 || total
-------------------------+-------+-------+-------++-------
 Cast: Foxfire           |    28 |    81 |   104 ||   213
       Scorch            |    19 |    21 |     5 ||    45
       Inner Flame       |       |     5 |    10 ||    15
       Call Imp          |       |       |     2 ||     2
  Use: Scroll            |       |     7 |       ||     7
       Potion            |       |     2 |       ||     2
Armor: Leather armour    |     5 |     3 |     1 ||     9
Dodge: Dodged            |     8 |     3 |     3 ||    14
